 Dungeon Crawl Stone Soup version 0.31.0-12-g77e489cdc1 (webtiles) character file.

Game seed: 1879127761328534651

8 Chiseanne the Cudgeller (level 2, 21/21 HPs)
             Began as a Demonspawn Wanderer on Feb 20, 2024.
             Quit the game on level 1 of the Dungeon.
             The game lasted 00:00:23 (251 turns).

Chiseanne the Cudgeller (Demonspawn Wanderer)        Turns: 251, Time: 00:00:24

Health: 21/21      AC:  3    Str: 15    XL:     2   Next: 0%
Magic:  3/3        EV: 10    Int: 10    God:
Gold:   11         SH:  4    Dex: 11    Spells: 3/3 levels left

rFire   . . .        a - +2 mace
rCold   . . .        c - +0 buckler
rNeg    . . .        e - +0 leather armour
rPois   .            (no helmet)
rElec   .            (no cloak)
rCorr   .            (no gloves)
SInv    .            (no boots)
Will    .....        (no amulet)
Stlth   +            (no ring)
HPRegen 0.23/turn    (no ring)
MPRegen 0.08/turn

%: no passive effects
@: no status effects
A: claws 1
a: no special abilities


You were on level 1 of the Dungeon.
You visited 1 branch of the dungeon, and saw 1 of its levels.

You collected 11 gold pieces.

Inventory:

Hand Weapons
 a - a +2 mace (weapon)
 b - a +0 spear
Missiles
 f - 19 stones (quivered)
Armour
 c - a +0 buckler (worn)
 e - a +0 leather armour (worn)
Scrolls
 d - 2 scrolls of fear
 g - 2 scrolls of immolation {unknown}


   Skills:
 * Level 1.2 Fighting
 - Level 2.6 Maces & Flails
 - Level 1.0 Polearms
 * Level 1.2 Throwing
 * Level 1.1 Armour
 * Level 0.4 Dodging
 - Level 1.0 Stealth
 * Level 1.1 Shields
 - Level 1.0 Spellcasting


You had 3 spell levels left.
You didn't know any spells.
Your spell library was empty.

Dungeon Overview and Level Annotations

Branches:
Dungeon (1/15)

Altars:


Innate Abilities, Weirdness & Mutations

You have sharp fingernails.


Message History

You open the door.
A kobold comes into view. It is wielding a +0 mace.
There is an open door here.
The kobold hits you with a +0 mace.
You barely miss the kobold. The kobold hits you with a +0 mace. x2
* * * LOW HITPOINT WARNING * * *
You are too injured to fight recklessly!
You are too injured to fight recklessly!
You are too injured to fight recklessly!
You are too injured to fight recklessly!
You are too injured to fight recklessly!
You are too injured to fight recklessly!
You are too injured to fight recklessly!
You are too injured to fight recklessly!
You are too injured to fight recklessly!
You are too injured to fight recklessly!
You are too injured to fight recklessly!
You are too injured to fight recklessly!
You are too injured to fight recklessly!
You are too injured to fight recklessly!
You are too injured to fight recklessly!
You are too injured to fight recklessly!
You are too injured to fight recklessly!
You are too injured to fight recklessly!
You sock the kobold!
You kill the kobold!
There is an open door here.
There is an open door here.
You open the door.
There is an open door here.
g - 2 scrolls labelled NIR PUZOAS A quokka comes into view.
A goblin comes into view. It is wielding a +0 club.
The quokka bites you but does no damage.
You hit the quokka.
You kill the quokka!
You have reached level 2!
Your demonic ancestry asserts itself...
Your fingernails lengthen.
Are you sure you want to abandon this character and quit the game? (Confirm with "yes".)

####### ....... .......
######.......
#............
#............
#............
###....@.g....#
...............
###.....################
.......................#
###....(##############.#
........# #.# ###.....#
#.# #...... #.# ........
#.#


You could see a goblin.

Vanquished Creatures
  2 goblins (D:1)
  2 hobgoblins (D:1)
  A kobold (D:1)
  A quokka (D:1)
6 creatures vanquished.

Notes
Turn   | Place    | Note
-------+----------+-------------------------------------------
     0 | D:1      | Chiseanne the Demonspawn Wanderer began the quest for the
                  | Orb.
     0 | D:1      | Chiseanne set off with the following items: a +2 mace, a +0
                  | spear, a +0 buckler, a scroll of fear, a +0 leather armour.
     0 | D:1      | Reached XP level 1. HP: 15/15 MP: 2/2
   251 | D:1      | Gained mutation: You have sharp fingernails. [demonic
                  | ancestry]
   251 | D:1      | Reached XP level 2. HP: 21/21 MP: 3/3
   251 | D:1      | Quit the game

Illustrated notes

Levels and vault maps discovered:
D:1:      dpeg_arrival_morbid_curiosity, layout_basic

Action                     || total
---------------------------++-------
  Melee: Mace              ||    12
 Armour: Leather armour    ||    10
  Dodge: Dodged            ||     9
